 Dungeon Crawl Stone Soup version 0.28.0-1-gb440e238dd (webtiles) character file.

Game seed: 5685076180214424426

63 issech the Cudgeller (level 3, 0/36 HPs)
             Began as a Troll Monk on Feb 23, 2022.
             Killed from afar by Ijyb (36 damage)
             ... with a bolt of acid
             ... on level 3 of the Dungeon.
             The game lasted 00:04:46 (1723 turns).

issech the Cudgeller (Troll Monk)                   Turns: 1723, Time: 00:04:47

Health: 0/36       AC:  8    Str: 19    XL:     3   Next: 89%
Magic:  2/2        EV: 10    Int:  6    God:
Gold:   95         SH:  0    Dex: 14    Spells: 2/2 levels left

rFire   . . .      SeeInvis .   a - +0 mace
rCold   . . .      Faith    .   (no shield)
rNeg    . . .      Spirit   .   b - +0 robe
rPois   .          Reflect  .   (helmet restricted)
rElec   .          Harm     .   (no cloak)
rCorr   .          Rampage  .   (gloves unavailable)
Will    +....                   (boots unavailable)
Stlth   ++........              (no amulet)
HPRegen 0.92/turn               h - ring of willpower
MPRegen 0.08/turn               o - +4 ring of protection

@: no status effects
A: large, unfitting armour, claws 3, regeneration 1, shaggy fur 1, tough skin 1
a: no special abilities


You were on level 3 of the Dungeon.
You visited 1 branch of the dungeon, and saw 3 of its levels.

You collected 95 gold pieces.

Inventory:

Hand Weapons
 a - a +0 mace (weapon)
Missiles
 d - 68 stones (quivered)
Armour
 b - a +0 robe (worn)
Jewellery
 h - a ring of willpower (left claw)
 o - a +4 ring of protection (right claw)
 r - an amulet of the acrobat
Scrolls
 c - a scroll of vulnerability {unknown}
 e - a scroll of magic mapping
 j - a scroll of noise {unknown}
 k - a scroll of silence {unknown}
 m - 2 scrolls of blinking {unknown}
 p - 3 scrolls of identify {unknown}
Potions
 f - a potion of attraction {unknown}
 g - 2 potions of heal wounds {unknown}
 i - a potion of flight {unknown}
 l - a potion of lignification {unknown}
 n - a potion of might {unknown}
 q - a potion of mutation {unknown}


   Skills:
 + Level 2.7 Fighting
 + Level 3.5 Maces & Flails
 + Level 2.9 Dodging
 + Level 1.2 Stealth


You had 2 spell levels left.
You didn't know any spells.
Your spell library contained the following spells:

 Spells                   Type           Power      Damage    Failure   Level
 Sandblast                Erth           0%         2d4       45%         1
 Passwall                 Tmut/Erth      0%         N/A       58%         2
 Stone Arrow              Conj/Erth      0%         3d7       83%         3


Dungeon Overview and Level Annotations

Branches:
Dungeon (3/15)

Altars:
Makhleb

Annotations:
D:3 Ijyb


Innate Abilities, Weirdness & Mutations

You are too large for most types of armour.
You have claws for hands.
Your natural rate of healing is unusually fast.
You are covered in fur. (AC +1)
You have tough skin. (AC +1)


Message History

There is an open door here.
You hit the rat but do no damage. The rat bites you but does no damage.
You hit the rat.
You kill the rat!
There is an open door here.
You now have 95 gold pieces (gained 9).
There is a faded altar of an unknown god here.
You open the door.
There is an open door here.
A rat comes into view.
The rat barely misses you.
You closely miss the rat. The rat bites you but does no damage.
You hit the rat.
You kill the rat!
Found a scroll labelled KAXUTANIN.
You see here a rat corpse.
Found a stone staircase leading down.
Found a silvery potion.
p - 3 scrolls labelled KAXUTANIN (gained 1)
q - a silvery potion
Found a mace.
You see here a +0 mace.
A hobgoblin comes into view.
The helpless hobgoblin fails to defend itself.
You sock the hobgoblin!
You kill the hobgoblin!
r - an amulet of the acrobat
There is a stone staircase leading up here.
Found a leather armour.
There is a stone staircase leading up here.
Done exploring.
You see here a +0 leather armour.
There is a stone staircase leading down here.
You climb downwards.
Found 16 bolts, 7 gold pieces and a flail.
There is a stone staircase leading up here.
There is a stone staircase leading up here.
Ijyb zaps a wand.
The bolt of acid hits you!!!
Ouch! That really hurt!
You die...

## #####.
.....
#..##########
#..g@........
#(..#########
.......#
####.#$#
#.#.# ..)..
#. ### #.


You could see Ijyb.

Vanquished Creatures
  2 adders (D:2)
  An adder skeleton (D:2)
  5 bats
  5 giant cockroaches
  4 goblins (D:1)
  5 hobgoblins
  A quokka (D:1)
  4 ball pythons
  A frilled lizard (D:2)
  A kobold (D:1)
  15 rats
44 creatures vanquished.

Notes
Turn   | Place    | Note
-------+----------+-------------------------------------------
     0 | D:1      | issech the Troll Monk began the quest for the Orb.
     0 | D:1      | Reached XP level 1. HP: 22/22 MP: 0/0
   163 | D:1      | Reached XP level 2. HP: 29/29 MP: 1/1
   382 | D:1      | Reached skill level 3 in Maces & Flails
   991 | D:2      | Reached XP level 3. HP: 36/36 MP: 2/2
  1027 | D:2      | Found a burning altar of Makhleb.
  1416 | D:2      | Found a faded altar of an unknown god.
  1719 | D:3      | Noticed Ijyb
  1723 | D:3      | Killed from afar by Ijyb

Illustrated notes

Levels and vault maps discovered:
D:1:      dpeg_arrival_ratfight, layout_loops_ring, minmay_rat_gold_closets
D:2:      layout_loops_ring, basic_altar,
          dreamdust_ecumenical_altar_angels_and_demons
D:3:      layout_loops_ring, serial_glass, glass_columns_a, glass_columns_a,
          roderic_batcave, uniq_ijyb, uniq_jessica, uniq_crazy_yiuf_cottage

Skill      XL: |  1  2 |
---------------+-------+-----
Maces & Flails | 3 |  3.5
Fighting       | |  2.7
Dodging        | |  2.9
Stealth        | |  1.2

Action                   || total
-------------------------++-------
Melee: Mace              ||   105
  Use: Scroll            ||     1
 Stab: Sleeping          ||     8
Armor: Robe              ||    49
Dodge: Dodged            ||    62
